 Dungeon Sprint DCSS version 0.21.1-1-g345015f (webtiles) character file.

106 Cadaver the Summoner (level 4, -1/39 HPs)
             Began as a Tengu Summoner on May 21, 2018.
             Was a Follower of Okawaru.
             Slain by a quasit (2 damage)
             ... in the Dungeon (Sprint V: "Ziggurat Sprint").
             The game lasted 00:01:14 (77 turns).

Cadaver the Summoner (Tengu Summoner)                 Turns: 77, Time: 00:01:15

Health: -1/39      AC:  5    Str: 19    XL:     4   Next: 84%
Magic:  8/11       EV: 14    Int: 17    God:    Okawaru [*.....]
Gold:   0          SH:  8    Dex: 20    Spells: 8/11 levels left

rFire    + . .     SeeInvis .   H - +8 lance "Wyrmbane" {slay drac, rPois rF+ rC+ AC+3}
rCold    + . .     Gourm    .   j - +3 buckler
rNeg     . . .     Faith    .   a - +0 robe
rPois    +         Spirit   .   (helmet restricted)
rElec    .         Reflect  .   (no cloak)
rCorr    .         Harm     .   (no gloves)
MR       .....     NoTele   +   (boots unavailable)
Stlth    ..........             (no amulet)
HPRegen  0.13/turn              F - +6 ring of strength
MPRegen  0.12/turn              B - +6 ring of dexterity

@: mighty, berserking, very quick
A: beak, talons 3
a: Heroism, Renounce Religion


You were in the Dungeon.
You worshipped Okawaru.
Okawaru was aware of your devotion.
You were not hungry.

You visited 1 branch

Inventory:

Hand Weapons
 k - a +5 demon trident
 H - the +8 lance "Wyrmbane" (weapon) {slay drac, rPois rF+ rC+ AC+3}
   (You found it in the Dungeon)

   It affects your AC (+3).
   It protects you from fire.
   It protects you from cold.
   It protects you from poison.
Armour
 a - a +0 robe (worn)
 j - a +3 buckler (worn)
Jewellery
 A - a +6 ring of dexterity
 B - a +6 ring of dexterity (right hand)
 C - a +6 ring of intelligence
 D - a +6 ring of intelligence
 E - a +6 ring of strength
 F - a +6 ring of strength (left hand)
Wands
 x - a wand of disintegration (7)
 y - a wand of iceblast (7)
 z - a wand of acid (7)
Scrolls
 i - 4 scrolls of blinking
 l - 4 scrolls of amnesia
 m - 7 scrolls of fog
 n - a scroll of holy word
 o - 5 scrolls of identify
 p - 5 scrolls of remove curse
 q - 2 scrolls of fear
Potions
 d - 10 potions of curing
 e - 10 potions of heal wounds
 f - 6 potions of haste
 g - 7 potions of magic
 h - 2 potions of berserk rage
 r - 2 potions of brilliance
 s - 2 potions of invisibility
 t - 4 potions of resistance
 v - 5 potions of agility
 w - 4 potions of might
Books
 b - a book of Callings

   Spells                             Type                      Level
   a - Summon Small Mammal            Summoning                    1
   b - Call Imp                       Summoning                    2
   c - Call Canine Familiar           Summoning                    3
   d - Summon Guardian Golem          Hexes/Summoning              3
   e - Summon Lightning Spire         Summoning/Air                4
   f - Summon Ice Beast               Ice/Summoning                4
Miscellaneous
 G - a lightning rod (4/4)
Comestibles
 c - 7 rations


   Skills:
 + Level 2.2 Fighting
 + Level 3.0 Polearms
 + Level 3.3 Dodging
 + Level 2.7 Stealth
 + Level 2.5 Shields
 + Level 4.2 Spellcasting
 + Level 9.4 Summonings
 + Level 2.0 Invocations
 + Level 2.2 Evocations


You had 8 spell levels left.
You knew the following spells:

 Your Spells              Type           Power        Failure   Level  Hunger
a - Summon Small Mammal   Summ           ####         1%          1    None
b - Call Imp              Summ           #####...     1%          2    ##.....


Dungeon Overview and Level Annotations

Branches:
Dungeon (1/1)

Altars:
Ashenzari
Cheibriados
Dithmenos
Elyvilon
Fedhas
Gozag
Hepliaklqana
Kikubaaqudgha
Makhleb
Nemelex Xobeh
Okawaru
Qazlal
Ru
Sif Muna
Trog
Uskayaw
Vehumet
Wu Jian
Xom
Yredelemnul
Zin
The Shining One
Beogh
Jiyva
Lugonu

Annotations:
D 1 transporter


Innate Abilities, Weirdness & Mutations

You have a beak for a mouth.
You have claws for feet.


Message History

The quasit barely misses you. You block the quasit's attack.
The quasit closely misses you.
Unknown command.
You puncture the hell hound!
You kill the hell hound!
Okawaru is honoured by your kill.
You can now gain great but temporary skills.
Your Polearms skill increases to level 3!
Your Dodging skill increases to level 3!
Your Spellcasting skill increases to level 4!
Your Summonings skill gained 4 levels and is now at level 9!
You have reached level 3!
Your experience leads to an increase in your attributes!
Your base attributes are Str 8, Int 15, Dex 14.
Increase (S)trength, (I)ntelligence, or (D)exterity?
You feel clever.
You have reached level 4!
You feel clever. The quasit bites you.
You die...

▓▓▓▓▓▓▓
▓.8©8.▓
▓.....▓
▓.:.|.▓
▓.....▓
▓...5.▓
▓..@..▓
▓▓▓▓▓▓▓


You could see a quasit.

Vanquished Creatures
  A hell hound (D)
1 creature vanquished.

Notes
Turn   | Place    | Note
-------+----------+-------------------------------------------
     0 | D        | Found the +6 Majin-Bo {vamp, Archmagi MP+6 Int+6}
     0 | D        | Found the +7 great mace "Firestarter" {inner flame, rF++}
     0 | D        | Cadaver the Tengu Summoner began the quest for the Orb.
     0 | D        | Reached XP level 1. HP: 10/10 MP: 4/4
     2 | D        | Found a blossoming altar of Fedhas.
     4 | D        | Found a viscous altar of Jiyva.
     4 | D        | Found a hazy altar of Hepliaklqana.
     4 | D        | Found a transporter.
     4 | D        | Found an opulent altar of Gozag.
     4 | D        | Found an ancient bone altar of Kikubaaqudgha.
     4 | D        | Found a corrupted altar of Lugonu.
     9 | D        | Found a burning altar of Makhleb.
    10 | D        | Found a sacrificial altar of Ru.
    10 | D        | Found a stormy altar of Qazlal.
    10 | D        | Found a deep blue altar of Sif Muna.
    10 | D        | Found an iron altar of Okawaru.
    10 | D        | Found a bloodstained altar of Trog.
    10 | D        | Found a sparkling altar of Nemelex Xobeh.
    28 | D        | Found the +6 shillelagh "Devastator" {shatter}
    28 | D        | Found the +11 plutonium sword {*Contam Stlth-}
    28 | D        | Found the +8 lance "Wyrmbane" {slay drac, rPois rF+ rC+ AC+3}
    28 | D        | Found the +9 sword of Zonguldrok {reap}
    28 | D        | Found the cursed +13 scythe of Curses {drain, *Curse}
    28 | D        | Found the +0 sword of Power
    28 | D        | Found the +0 mace of Variability {chaos}
    28 | D        | Found the +7 Singing Sword
    28 | D        | Found the +7 longbow "Piercer" {penet, EV-2}
    40 | D        | Became a worshipper of Warmaster Okawaru
    41 | D        | Reached skill level 5 in Summonings
    41 | D        | Reached XP level 2. HP: 17/17 MP: 4/7
    53 | D        | Learned a level 2 spell: Call Imp
    73 | D        | Entered arena 2.
    73 | D        | Noticed a hell hound
    73 | D        | Found a transporter.
    76 | D        | HP: 1/25 [hell hound (10)]
    77 | D        | Killed a hell hound
    77 | D        | Reached * piety under Okawaru
    77 | D        | Reached skill level 9 in Summonings
    77 | D        | Reached XP level 3. HP: 1/21 MP: 7/9
    77 | D        | Reached XP level 4. HP: 1/26 MP: 8/11
    77 | D        | Slain by a quasit

Skill      XL: |  1  2 |
---------------+-------+-----
Fighting       | 2 |  2.2
Polearms       | 2 3 |  3.0
Shields        | 2 |  2.5
Spellcasting   | 3 4 |  4.2
Summonings     | 5 9 |  9.4
Invocations    | 2 |  2.0
Evocations     | 2 |  2.2
Dodging        | 3 |  3.3
Stealth        | |  2.7

Action                   |  1- 3 |  4- 6 || total
-------------------------+-------+-------++-------
Melee: Lance             |     3 |       ||     3
  Use: Potion            |     3 |       ||     3
Armor: Robe              |     1 |       ||     1
Dodge: Dodged            |     3 |       ||     3
Block: Buckler           |     3 |       ||     3
